 Dungeon Crawl Stone Soup version 0.26-a0-771-g060e6a62af (webtiles) character file.

Game seed: 11040704978094835571

2606 robertstho the Frost Mage (level 9, -1/66 HPs)
             Began as a Gnoll Ice Elementalist on Nov 8, 2020.
             Was a Follower of Sif Muna.
             Slain by a killer bee (5 damage)
             ... on level 7 of the Dungeon.
             The game lasted 00:10:50 (6304 turns).

robertstho the Frost Mage (Gnoll Ice Elementalist)  Turns: 6304, Time: 00:10:51

Health: -1/66      AC:  3    Str: 11    XL:     9   Next: 59%
Magic:  19/28      EV: 16    Int: 20    God:    Sif Muna [*.....]
Gold:   262        SH:  0    Dex: 16    Spells: 6/21 levels left

rFire    . . .     SeeInvis .   D - +1 glaive (flame)
rCold    . . .     Faith    .   (shield currently unavailable)
rNeg     . . .     Spirit   .   a - +0 robe
rPois    .         Reflect  .   o - +0 helmet
rElec    .         Harm     .   (no cloak)
rCorr    .         Rampage  .   (no gloves)
MR       .....                  (no boots)
Stlth    +++.......             y - amulet of magic regeneration
HPRegen  0.21/turn              (no ring)
MPRegen  0.46/turn              f - ring of magical power

@: lethally poisoned (-1 -> -9), frozen ramparts
A: distributed training, fangs 1, strong nose
a: Channel Magic, Renounce Religion


You were on level 7 of the Dungeon.
You worshipped Sif Muna.
Sif Muna was aware of your devotion.
You visited 2 branches of the dungeon, and saw 8 of its levels.

You collected 262 gold pieces.

Inventory:

Hand Weapons
 v - a +2 falchion of flaming
 D - a +1 glaive of flaming (weapon)
Missiles
 m - 38 poisoned darts (quivered)
Armour
 a - a +0 robe (worn)
 o - a +0 helmet (worn)
 E - +0 swamp dragon scales
Jewellery
 b - an uncursed amulet of reflection
 f - a ring of magical power (right hand)
 n - an uncursed ring of see invisible
 w - an uncursed amulet of regeneration
 y - an amulet of magic regeneration (around neck)
Wands
 r - a wand of acid (9)
 G - a wand of flame (16)
Scrolls
 g - 11 scrolls of remove curse
 p - a scroll of fear
 t - 3 scrolls of teleportation
 A - a scroll of fog
 B - a scroll of amnesia {unknown}
Potions
 d - 2 potions of lignification
 h - 5 potions of curing
 i - 2 potions of attraction
 k - 3 potions of haste {unknown}
 l - 2 potions of might {unknown}
 q - a potion of magic {unknown}
 s - a potion of flight
 z - 3 potions of heal wounds
 F - 2 potions of mutation


   Skills:
 + Level 4.4 Fighting
 + Level 4.4 Short Blades
 + Level 4.4 Long Blades
 + Level 4.4 Axes
 + Level 4.4 Maces & Flails
 + Level 4.4 Polearms
 + Level 4.4 Staves
 + Level 4.4 Slings
 + Level 4.4 Bows
 + Level 4.4 Crossbows
 + Level 4.4 Throwing
 + Level 4.4 Armour
 + Level 6.4 Dodging
 + Level 6.1 Stealth
 + Level 4.4 Shields
 + Level 4.4 Unarmed Combat
 + Level 6.7 Spellcasting
 + Level 3.6 Conjurations
 + Level 3.6 Hexes
 + Level 3.6 Summonings
 + Level 3.6 Necromancy
 + Level 3.6 Translocations
 + Level 3.6 Transmutations
 + Level 3.6 Fire Magic
 + Level 8.1 Ice Magic
 + Level 3.6 Air Magic
 + Level 3.6 Earth Magic
 + Level 3.6 Poison Magic
 + Level 4.8 Invocations
 + Level 4.4 Evocations


You had 6 spell levels left.
You knew the following spells:

 Your Spells              Type           Power        Failure   Level
a - Freeze                Ice            ####         1%          1
b - Frozen Ramparts       Ice            #####.       1%          3
c - Ozocubu's Armour      Ice            #####...     1%          3
d - Hailstorm             Conj/Ice       ####....     9%          4
e - Summon Ice Beast      Ice/Summ       ####....     9%          4

Your spell library contained the following spells:

 Spells                   Type           Power        Failure   Level
 Animate Skeleton         Necr           ###...       2%          1
 Pain                     Necr           ###.         2%          1
 Vampiric Draining        Necr           ###.......   7%          3
 Animate Dead             Necr           ###.......   22%         4
 Agony                    Necr           ###.....     52%         5


Dungeon Overview and Level Annotations

Branches:
Dungeon (7/15)             Temple (1/1) D:4

Altars:
Ashenzari
Cheibriados
Dithmenos
Elyvilon
Fedhas
Gozag
Hepliaklqana
Kikubaaqudgha
Makhleb
Nemelex Xobeh
Okawaru
Qazlal
Ru
Sif Muna
Trog
Uskayaw
Vehumet
Wu Jian
Xom
Yredelemnul
Zin
The Shining One


Innate Abilities, Weirdness & Mutations

Your experience applies equally to all skills.
You have very sharp teeth.
Your uncanny sense of smell can sniff out nearby items.


Message History

You feel sick. The killer bee misses you.
You feel sick. The killer bee closely misses you.
The killer bee barely misses you. The killer bee stings you!
* * * LOW HITPOINT WARNING * * *
Casting: Hailstorm (dangerous; 9% risk of failure)
Confirm with . or Enter, or press ? or * to list all spells.
The walls around you are covered in ice.
You feel sick.
The wall freezes the killer bee.
The killer bee barely misses you.
The wall freezes the killer bee.
The killer bee stings you.
* * * LOW HITPOINT WARNING * * *
You are more poisoned.
The killer bee poisons you! The killer bee closely misses you.
The wall freezes the killer bee.
You kill the killer bee!
Sif Muna accepts your kill.
The wall freezes the killer bee but do no damage.
The killer bee stings you but does no damage.
The killer bee stings you.
You die...

#§§§.#..# #........###
####...# #.........##
##..## #..........#
#...# ##..........#
#...## #...........#
#....# #...○.○.....#
#....####...........#
#.....##†y..○.......#
#...#.##@y..........#
#...#..#............#
####...##.............##
#......# #.#..Z.......#
##......# #...........##
#.......# ##.#.........#
#......## ..#........#
#.....)# #...........
#......# #..........$.


You could see 2 killer bees and a water moccasin skeleton.

Vanquished Creatures
  Pikel (D:6)
  Grinder (D:5)
  Sigmund (D:5)
  Eustachio (D:6)
  2 ice beasts
  An ogre (D:4)
  2 lemures (D:6)
  2 bullfrogs
  A scorpion (D:5)
  A killer bee (D:7)
  A centaur zombie (D:6)
  A bullfrog zombie (D:5)
  4 hounds
  4 orc priests
  A bullfrog skeleton (D:4)
  2 orc wizards
  4 worker ants
  A killer bee zombie (D:4)
  A hound skeleton (D:4)
  Robin (D:3)
  2 howler monkey skeletons
  5 adders
  A shadow imp (D:5)
  An ufetubus (D:5)
  An adder skeleton (D:6)
  2 worms (D:3)
  A dart slug (D:1)
  3 leopard geckos
  21 orcs
  5 giant cockroaches
  10 hobgoblins
  4 jackals (D:1)
  8 quokkas
  A ball python (D:1)
  7 bats
  7 frilled lizards
  13 goblins
  A jackal skeleton (D:4)
  5 kobolds
  A leopard gecko skeleton (D:4)
  2 quokka zombies
  8 rats
142 creatures vanquished.

Vanquished Creatures (collateral kills)
  Maggie (D:6)
  Menkaure (D:6)
  A phantom (D:5)
  A bullfrog (D:7)
  An orc wizard (D:6)
  A worker ant (D:7)
  An orc (D:6)
7 creatures vanquished.

Grand Total: 149 creatures vanquished

Notes
Turn   | Place    | Note
-------+----------+-------------------------------------------
     0 | D:1      | robertstho the Gnoll Ice Elementalist began the quest for
                  | the Orb.
     0 | D:1      | Reached XP level 1. HP: 13/13 MP: 6/6
   143 | D:1      | Reached XP level 2. HP: 5/19 MP: 2/7
   871 | D:1      | Reached XP level 3. HP: 13/25 MP: 9/9
   873 | D:1      | Reached skill level 5 in Spellcasting
   878 | D:1      | Learned a level 3 spell: Frozen Ramparts
   882 | D:1      | Learned a level 3 spell: Ozocubu's Armour
  1842 | D:2      | Reached skill level 1 in Invocations
  2055 | D:3      | Noticed Robin
  2057 | D:3      | Reached skill level 1 in Fighting
  2057 | D:3      | Reached skill level 1 in Short Blades
  2057 | D:3      | Reached skill level 1 in Long Blades
  2057 | D:3      | Reached skill level 1 in Axes
  2057 | D:3      | Reached skill level 1 in Maces & Flails
  2057 | D:3      | Reached skill level 1 in Polearms
  2057 | D:3      | Reached skill level 1 in Staves
  2057 | D:3      | Reached skill level 1 in Slings
  2057 | D:3      | Reached skill level 1 in Bows
  2057 | D:3      | Reached skill level 1 in Crossbows
  2057 | D:3      | Reached skill level 1 in Throwing
  2057 | D:3      | Reached skill level 1 in Armour
  2057 | D:3      | Reached skill level 1 in Shields
  2057 | D:3      | Reached skill level 1 in Unarmed Combat
  2057 | D:3      | Reached skill level 1 in Evocations
  2068 | D:3      | Killed Robin
  2068 | D:3      | Reached XP level 4. HP: 24/32 MP: 4/11
  2553 | D:3      | Reached skill level 1 in Conjurations
  2553 | D:3      | Reached skill level 1 in Hexes
  2553 | D:3      | Reached skill level 1 in Summonings
  2553 | D:3      | Reached skill level 1 in Necromancy
  2553 | D:3      | Reached skill level 1 in Translocations
  2553 | D:3      | Reached skill level 1 in Transmutations
  2553 | D:3      | Reached skill level 1 in Fire Magic
  2553 | D:3      | Reached skill level 1 in Air Magic
  2553 | D:3      | Reached skill level 1 in Earth Magic
  2553 | D:3      | Reached skill level 1 in Poison Magic
  3146 | D:4      | Reached XP level 5. HP: 19/37 MP: 12/12
  3558 | D:4      | Found a radiant altar of Vehumet.
  3621 | D:4      | Noticed an ogre
  3637 | D:4      | Killed an ogre
  3637 | D:4      | Reached XP level 6. HP: 44/44 MP: 13/13
  3668 | D:4      | Found a staircase to the Ecumenical Temple.
  3809 | D:4      | Found an iron altar of Okawaru.
  3959 | D:4      | Reached skill level 5 in Dodging
  3990 | Temple   | Entered the Ecumenical Temple
  4152 | Temple   | Became a worshipper of Sif Muna the Loreminder
  4328 | D:5      | Entered Level 5 of the Dungeon
  4338 | D:5      | Noticed Grinder
  4353 | D:5      | Paralysed by Grinder for 2 turns
  4355 | D:5      | Killed Grinder
  4355 | D:5      | Reached XP level 7. HP: 51/51 MP: 15/15
  4395 | D:5      | Noticed Sigmund
  4443 | D:4      | Learned a level 4 spell: Hailstorm
  4448 | D:4      | Learned a level 4 spell: Summon Ice Beast
  4633 | D:5      | Reached skill level 5 in Stealth
  4802 | D:5      | Killed Sigmund
  4850 | D:5      | Reached XP level 8. HP: 57/57 MP: 16/16
  4984 | D:5      | Found a bloodstained altar of Trog.
  4985 | D:5      | Found a sparkling altar of Nemelex Xobeh.
  5124 | D:5      | Reached * piety under Sif Muna
  5269 | D:6      | Noticed Pikel
  5281 | D:6      | Killed Pikel
  5412 | D:6      | Noticed Maggie
  5429 | D:6      | Killed Maggie
  5429 | D:6      | Reached XP level 9. HP: 53/65 MP: 2/18
  5619 | D:6      | Noticed Menkaure
  5630 | D:6      | Killed Menkaure
  5895 | D:6      | Noticed Eustachio
  5900 | D:6      | Killed Eustachio
  5900 | D:6      | Reached skill level 8 in Ice Magic
  6281 | D:7      | Identified a scroll of acquirement
  6281 | D:7      | Acquired an uncursed amulet of reflection
  6304 | D:7      | Slain by a killer bee

Illustrated notes

Levels and vault maps discovered:
D:1:      sevenhm_arrival_forest_fort_small_4, layout_rooms
D:2:      layout_loops_cross
D:3:      layout_loops_ring, minmay_misc_feat_room, uniq_robin
D:4:      layout_loops_cross, lemuel_crystal_altar, overflow_temple_1_default,
          temple_statues, serial_glass, glass_columns_c, glass_columns_a,
          glass_columns_b, glass_columns_b, glass_columns_c, glass_columns_b,
          feat_on_display, due_unseen_surprise
D:5:      layout_basic, gammafunk_temple_overflow_pools, uniq_sigmund,
          uniq_grinder
D:6:      layout_loops_ring, columned_hall_lemuel, chequers_jeans, uniq_maggie,
          uniq_pikel, uniq_eustachio, uniq_menkaure
D:7:      layout_cave_pods, gup_ossuary_entry_pyramid, uniq_joseph
Temple:   dpeg_five_rooms_temple

Skill      XL: |  1  2  3  4  5  6  7  8  9 |
---------------+----------------------------+-----
Spellcasting   | 5 6 |  6.7
Invocations    | 1 2 3 4 |  4.8
Fighting       | 1 2 3 4 |  4.4
Short Blades   | 1 2 3 4 |  4.4
Long Blades    | 1 2 3 4 |  4.4
Axes           | 1 2 3 4 |  4.4
Maces & Flails | 1 2 3 4 |  4.4
Polearms       | 1 2 3 4 |  4.4
Staves         | 1 2 3 4 |  4.4
Slings         | 1 2 3 4 |  4.4
Bows           | 1 2 3 4 |  4.4
Crossbows      | 1 2 3 4 |  4.4
Throwing       | 1 2 3 4 |  4.4
Armour         | 1 2 3 4 |  4.4
Shields        | 1 2 3 4 |  4.4
Unarmed Combat | 1 2 3 4 |  4.4
Evocations     | 1 2 3 4 |  4.4
Conjurations   | 1 2 3 |  3.6
Hexes          | 1 2 3 |  3.6
Summonings     | 1 2 3 |  3.6
Necromancy     | 1 2 3 |  3.6
Translocations | 1 2 3 |  3.6
Transmutations | 1 2 3 |  3.6
Fire Magic     | 1 2 3 |  3.6
Air Magic      | 1 2 3 |  3.6
Earth Magic    | 1 2 3 |  3.6
Poison Magic   | 1 2 3 |  3.6
Dodging        | 5 6 |  6.4
Stealth        | 5 6 |  6.1
Ice Magic      | 8 |  8.1

Action                   |  1- 3 |  4- 6 |  7- 9 || total
-------------------------+-------+-------+-------++-------
Melee: Hand axe          |    54 |    73 |       ||   127
       Bite              |     3 |     9 |     7 ||    19
       Falchion          |       |     4 |    41 ||    45
       Punch             |       |       |     1 ||     1
       Glaive            |       |       |    33 ||    33
 Cast: Freeze            |    14 |       |       ||    14
       Frozen Ramparts   |     8 |    28 |    20 ||    56
       Ozocubu's Armour  |       |     1 |     1 ||     2
       Summon Ice Beast  |       |       |    17 ||    17
       Hailstorm         |       |       |     1 ||     1
Evoke: Wand              |       |     1 |     1 ||     2
  Use: Potion            |     1 |       |       ||     1
       Scroll            |       |       |    15 ||    15
 Stab: Sleeping          |     6 |     5 |     3 ||    14
Armor: Robe              |    11 |    11 |    11 ||    33
Dodge: Dodged            |    71 |    63 |    93 ||   227
       Rpst.: Falchion   |       |     3 |    14 ||    17

Table legend: (Time is in decaauts)
 A = Elapsed time spent in this place.
 B = Non-inter-level travel time spent in this place.
 C = Inter-level travel time spent in this place.
 D = Time resting spent in this place.
 E = Time spent auto-exploring this place.
 F = Levels seen in this place.
 G = Mean time per level.
                   A        B        C        D        E       F      G
               +--------+--------+--------+--------+--------+-----+--------+
         Total |   6357 |   6166 |    191 |    318 |   4704 |   8 |  794.6 |
       Dungeon |   6163 |   6003 |    160 |    318 |   4546 |   7 |  880.4 |
        Temple |    193 |    162 |     31 |      0 |    158 |   1 |  193.0 |
               +--------+--------+--------+--------+--------+-----+--------+

Top non-repeatable levels by time:
     D:4: 1152 daAuts
     D:1: 1146 daAuts
     D:3: 1098 daAuts
     D:6: 912 daAuts
     D:2: 911 daAuts
     D:5: 783 daAuts
  Temple: 193 daAuts
     D:7: 159 daAuts
